 Dungeon Crawl Stone Soup version 0.18.1-8-gdd0e5ea (webtiles) character file.

250 LORDOFBUTT the Nimble (level 5, 24/24 HPs)
             Began as a Felid Berserker on May 26, 2016.
             Was a Priest of Trog.
             Quit the game on level 5 of the Dungeon.
             The game lasted 00:04:29 (4242 turns).

LORDOFBUTT the Nimble (Felid Berserker)             Turns: 4242, Time: 00:04:29

Health: 24/24      AC:  2    Str: 14    XL:     5   Next: 88%
Magic:  6/6        EV: 24    Int:  8    God:    Trog [***...]
Gold:   229        SH:  0    Dex: 17    Spells: 0 memorised, 4 levels left
                                        Lives:  0   Deaths: 2

rFire  . . .     SeeInvis +       - Unarmed
rCold  . . .     Gourm    .     (armour unavailable)
rNeg   . . .     Faith    .     (shield unavailable)
rPois  .         Spirit   .     (helmet unavailable)
rElec  .         Dismiss  .     (cloak unavailable)
rCorr  .         Reflect  .     (gloves unavailable)
SustAt .         Harm     .     (boots unavailable)
MR     .....                    (no amulet)
Stlth  +.........               (no ring)
                                k - ring of loudness

@: quick, not resistant to hostile enchantments, very unstealthy
A: no armour, no weapons or thrown items, claws 1, fangs 3, see invisible,
carnivore 3, speed 1, shaggy fur 2, slow metabolism 1, sharp paws
a: Berserk, Trog's Hand, Burn Spellbooks, Renounce Religion


You were on level 5 of the Dungeon.
You worshipped Trog.
Trog was most pleased with you.
You were not hungry.

You visited 1 branch of the dungeon, and saw 5 of its levels.

You collected 265 gold pieces.
You spent 36 gold pieces at shops.

Inventory:

Jewellery
 i - a +2 ring of dexterity {unknown}
 k - a ring of loudness (left paw)
Scrolls
 b - a scroll of enchant armour
 c - a scroll of magic mapping {unknown}
 f - 4 scrolls of teleportation
 j - a scroll of immolation {unknown}
 l - 5 scrolls of identify
 m - a scroll of blinking {unknown}
 n - a scroll of random uselessness {unknown}
 p - 2 scrolls of remove curse
Potions
 d - 2 potions of cancellation {unknown}
 e - 3 potions of brilliance {unknown}
 g - a potion of lignification {unknown}
 h - a potion of curing
 o - a potion of agility {unknown}
 q - a potion of invisibility {unknown}
Comestibles
 a - 4 meat rations


   Skills:
 - Level 3.4 Fighting
 + Level 8.8 Dodging
 + Level 6.6 Unarmed Combat


You had 4 spell levels left.
You didn't know any spells.

Dungeon Overview and Level Annotations

Branches:
Dungeon (5/15)
 Temple: D:4-7

Altars:
Pakellas
Sif Muna

Shops:
D:4 ?   D:5 (

Annotations:
D:5 1 runed door, MetaCosm's ghost, novice GrFi


Innate Abilities, Weirdness & Mutations

You cannot wear armour.
You are incapable of wielding weapons or throwing items.
You have sharp claws.
You have razor-sharp teeth.
You have supernaturally acute eyesight.
You are carnivorous and can eat meat at any time.
You cover ground quickly.
You are covered in thick fur (AC +2).
You have a slow metabolism.
Your sharp claws are effective at attacking unaware monsters.


Message History

The centaur shoots an arrow.
The arrow completely misses you.
The centaur shoots an arrow.
The arrow hits you.
* * * LOW HITPOINT WARNING * * *
You see here an arrow.
You are too injured to fight recklessly!
You are too injured to fight recklessly!
You are too injured to fight recklessly!
You are too injured to fight recklessly!
A red film seems to cover your vision as you go berserk!
You feel yourself moving faster!
You feel mighty!
You feel quite a bit more hungry.
The centaur shoots an arrow.
The arrow completely misses you.
You feel a strong urge to attack something.
The centaur unwields an uncursed shortbow.
The centaur hits you!
You die...
You are now level 5!
You rejoin the land of the living...
You can't grasp things well enough to throw them.
Are you sure you want to abandon this character and quit the game? (Confirm with "yes".)

#............# #.....+.# #
#............# #.....#.####
#............###.....'...<#
#............'.'.....#.####
#............###...%.#.#
#............###.....#.# ##
#..............##....#.# #.
#..............#####.#.###.
#.........@....##....#...#.
############...##....###.#.
#....###....###.#. ###'####
####.....#.
#......############.
#......'........# #.
#......########.# #.
#......# ##.#### #......#
#.....#


There were no monsters in sight!

Vanquished Creatures
  The ghost of broliato the Skirmisher, an amateur OgFi (D:3)
  A phantom (D:5)
  2 centaurs (D:5)
  A hound (D:5)
  A giant frog skeleton (D:5)
  3 worker ants
  5 orc wizards
  A hound skeleton (D:5)
  3 adders
  An adder skeleton (D:4)
  A worm (D:2)
  3 dart slugs (D:1)
  3 giant geckos
  9 orcs
  A ball python (D:3)
  9 bats
  6 giant cockroaches
  5 goblins
  7 hobgoblins
  3 kobolds
  A quokka (D:3)
  A giant gecko skeleton (D:4)
  5 giant newts
  A quokka skeleton (D:5)
  3 rats
77 creatures vanquished.

Vanquished Creatures (others)
  An orc wizard (D:4)
1 creature vanquished.

Grand Total: 78 creatures vanquished

Notes
Turn   | Place    | Note
--------------------------------------------------------------
     0 | D:1      | LORDOFBUTT the Felid Berserker began the quest for the Orb.
     0 | D:1      | Reached XP level 1. HP: 10/10 MP: 2/2
    49 | D:1      | Reached XP level 2. HP: 5/14 MP: 3/3
   535 | D:2      | Reached XP level 3. HP: 2/17 MP: 4/4
   985 | D:2      | Reached skill level 5 in Dodging
  1392 | D:2      | Reached ** piety under Trog
  1727 | D:3      | Reached XP level 4. HP: 21/21 MP: 5/5
  1929 | D:3      | Noticed broliato's ghost (amateur OgFi)
  1944 | D:3      | Killed broliato's ghost
  1944 | D:3      | Reached skill level 6 in Dodging
  1944 | D:3      | Reached XP level 5. HP: 7/24 MP: 6/6
  2446 | D:3      | Found a deep blue altar of Sif Muna.
  2474 | D:4      | Reached skill level 5 in Unarmed Combat
  2474 | D:4      | Gained mutation: You are covered in thick fur (AC +2). [Felid growth]
  2474 | D:4      | Reached XP level 6. HP: 28/28 MP: 7/7
  2479 | D:4      | Reached skill level 7 in Dodging
  2724 | D:4      | Found Ynno's Magic Scroll Boutique.
  2729 | D:4      | Bought a scroll of remove curse for 36 gold pieces
  2983 | D:4      | Found an oddly glowing altar of Pakellas.
  3190 | D:5      | Entered Level 5 of the Dungeon
  3335 | D:5      | Reached skill level 8 in Dodging
  3335 | D:5      | Reached XP level 7. HP: 5/31 MP: 8/8
  3656 | D:5      | Reached *** piety under Trog
  3682 | D:5      | Found Dinik's Weapon Boutique.
  3698 | D:5      | Noticed MetaCosm's ghost (novice GrFi)
  3727 | D:5      | Shot with an arrow by a centaur
  3728 | D:5      | Reached XP level 6. HP: -6/28 MP: 7/7
  3744 | D:5      | Found a runed door.
  4241 | D:5      | Slain by a centaur
  4242 | D:5      | Reached XP level 5. HP: -3/36 MP: 6/6
  4242 | D:5      | Quit the game

Skill      XL: |  1  2  3  4  5  6 |
---------------+-------------------+-----
Dodging        | 5 6 8 |  8.8
Unarmed Combat | 4 5 6 |  6.6
Fighting       | |  3.4

Action                   |  1- 3 |  4- 6 |  7- 9 || total
-------------------------+-------+-------+-------++-------
Melee: Unarmed           |    97 |   133 |    23 ||   253
       Bite              |     7 |    19 |     1 ||    27
       Punch             |     1 |     1 |       ||     2
Invok: Berserk           |     1 |     3 |     1 ||     5
  Use: Scroll            |       |     7 |     1 ||     8
       Potion            |       |     1 |       ||     1
 Stab: Sleeping          |     6 |       |       ||     6
  Eat: Chunk             |     4 |     6 |       ||    10
Armor: Skin              |     1 |     5 |     1 ||     7
Dodge: Dodged            |    94 |   110 |    34 ||   238
